 Dungeon Crawl Stone Soup version 0.18.1-50-g88ac8fd (webtiles) character file.

198478 AAAAA the Fencer (level 18, -4/110 HPs)
             Began as a Tengu Gladiator on Oct 27, 2016.
             Was an Elder of Okawaru.
             Killed from afar by Aizul (27 damage)
             ... with a bolt of poison
             ... on level 1 of the Shoals.
             The game lasted 02:53:12 (45032 turns).

AAAAA the Fencer (Tengu Gladiator)                 Turns: 45032, Time: 02:53:15

Health: -4/110     AC: 20    Str: 21    XL:     18   Next: 44%
Magic:  25/26      EV: 36    Int:  8    God:    Okawaru [****..]
Gold:   3255       SH:  0    Dex: 21    Spells: 1 memorised, 20 levels left

rFire  + . .     SeeInvis .     a - +2 Sword of Power
rCold  . . .     Gourm    +     P - +4 ring mail "Jeir Lya" {MR+ rCorr Slay+3}
rNeg   . . .     Faith    .     (shield currently unavailable)
rPois  .         Spirit   .     T - +2 hat
rElec  .         Dismiss  .     i - +2 cloak {MR+}
rCorr  +         Reflect  .     L - +2 pair of gloves {Str+3}
SustAt +         Harm     .     (boots unavailable)
MR     ++++.                    y - amulet of the gourmand
Stlth  +++++++...               S - ring of Demons {SustAt MR+}
                                r - ring of protection from fire

@: lethally poisoned (-4 -> -53), heroism, flying quickly and evasively, quick,
incredibly resistant to hostile enchantments, extremely stealthy
A: beak, talons 3, able to fly 2
a: Stop Flying, Heroism, Renounce Religion
}: 1/15 runes: gossamer


You were on level 1 of the Shoals.
You worshipped Okawaru.
Okawaru was greatly pleased with you.
You were very full.

You visited 6 branches of the dungeon, and saw 31 of its levels.
You also visited: Volcano.

You collected 3557 gold pieces.
You spent 302 gold pieces at shops.

Inventory:

Hand Weapons
 a - the +2 Sword of Power (weapon)
   (You found it on level 13 of the Dungeon)
 b - a +0 blowgun
 n - the +11 double sword "Xeadwil" {elec, *Confuse rElec Int+8 Stlth-}
   (Okawaru gifted it to you on level 2 of the Orcish Mines)

   Occasionally, upon striking a foe, it will discharge some electrical energy
   and cause terrible harm.
   It affects your intelligence (+8).
   It insulates you from electricity.
   It may confuse you when you take damage.
   It makes you less stealthy.
 v - the +6 dagger of Docyluck {venom, rC+++ MR- Str-3 Int+6}
   (You found it on level 5 of the Lair of Beasts)

   It poisons the flesh of those it strikes.
   It affects your strength (-3).
   It affects your intelligence (+6).
   It renders you almost immune to cold.
   It affects your resistance to hostile enchantments.
 B - a +2 triple sword of draining
Missiles
 d - 6 throwing nets (quivered)
 F - 69 poisoned needles
Armour
 c - a +1 cloak of invisibility
 i - a +2 cloak of magic resistance (worn)
 L - a +2 pair of gloves of strength (worn)
 P - the +4 ring mail "Jeir Lya" (worn) {MR+ rCorr Slay+3}
   (You found it in a volcano)

   It affects your accuracy and damage with ranged weapons and melee attacks
   (+3).
   It affects your resistance to hostile enchantments.
   It protects you from acid and corrosion.
 T - a +2 hat (worn)
Jewellery
 m - an uncursed ring of resist corrosion
 r - a ring of protection from fire (left hand)
 y - an amulet of the gourmand (around neck)
 S - the ring of Demons (right hand) {SustAt MR+}
   (You found it on level 7 of the Dungeon)

   [ring of sustain attributes]

   It sustains your strength, intelligence and dexterity.
   It affects your resistance to hostile enchantments.
Wands
 w - a wand of disintegration (19/24)
 J - a wand of hasting (3/9)
 Z - a wand of hasting (3/9)
Scrolls
 e - 4 scrolls of fear
 k - 3 scrolls of enchant weapon
 o - 8 scrolls of remove curse
 q - 4 scrolls of noise
 s - a scroll of vulnerability
 t - a scroll of holy word
 u - a scroll of blinking
 z - 6 scrolls of recharging
 A - 2 scrolls of silence
 G - 3 scrolls of teleportation
 V - 3 scrolls of immolation
 W - 3 scrolls of fog
 Y - 2 scrolls of magic mapping
Potions
 h - 3 potions of cure mutation
 l - 2 potions of curing
 p - 4 potions of cancellation
 C - 5 potions of might
 D - a potion of haste
 E - 5 potions of ambrosia
 K - 3 potions of agility
 M - 2 potions of resistance
 N - a potion of invisibility
 Q - 4 potions of lignification
 R - a potion of beneficial mutation {unknown}
 U - 2 potions of berserk rage
 X - a potion of brilliance {unknown}
Books
 x - a Necronomicon

   Spells                             Type                      Level
   a - Haunt                          Necromancy/Summoning         7
   b - Borgnjor's Revivification      Necromancy                   8
   c - Death's Door                   Charms/Necromancy            8
   d - Necromutation                  Transmutation/Necromancy     8
Miscellaneous
 O - a fan of gales
Comestibles
 f - 16 bread rations
 g - a chunk of flesh
 j - 9 meat rations
 I - 20 royal jellies


   Skills:
 - Level 11.0(16.0) Fighting
 - Level 19.6(24.6) Long Blades
 - Level 2.0(7.0) Throwing
 - Level 6.4(11.4) Armour
 - Level 15.8(20.8) Dodging
 - Level 14.0(19.0) Stealth
 + Level 5.3 Spellcasting
 + Level 6.3 Summonings
 + Level 5.8 Necromancy
 - Level 10.0 Invocations


You had 20 spell levels left.
You knew the following spells:

 Your Spells              Type           Power        Failure   Level  Hunger
a - Haunt                 Necr/Summ      ##........   100%        7    #######


Dungeon Overview and Level Annotations

Branches:
Dungeon (15/15)            Temple (1/1) D:6            Lair (8/8) D:9
 Shoals (1/4) Lair:4       Spider (4/4) Lair:3        Slime (0/6) Lair:6
    Orc (2/2) D:10            Elf (0/3) Orc:2        Vaults (0/5) D:14
 Depths (0/5) D:15

Altars:
Ashenzari
Cheibriados
Dithmenos
Elyvilon
Fedhas
Gozag
Kikubaaqudgha
Makhleb
Nemelex Xobeh
Okawaru
Pakellas
Qazlal
Ru
Sif Muna
Trog
Vehumet
Xom
Yredelemnul
Zin
The Shining One

Shops:
D:11 *   Orc:2 [%:[   Shoals:1 %

Portals:
Trove: D:11 (show abyssal rune of Zot)

Annotations:
D:11 Psyche
Shoals:1 Aizul


Innate Abilities, Weirdness & Mutations

You have a beak for a mouth.
You have claws for feet.
You can fly continuously.


Message History

You completely miss Aizul. Your kick misses Aizul.
You peck Aizul, but do no damage.
Aizul is heavily wounded.
You feel sick. Aizul casts a spell at you. The bolt of poison hits you!
You are more poisoned.
* * * LOW HITPOINT WARNING * * *
You hit Aizul. Your kick misses Aizul. You peck Aizul.
Aizul is heavily wounded.
* * * LOW HITPOINT WARNING * * *
You feel sick. Aizul completely misses you.
You slash Aizul! You claw Aizul, but do no damage.
Aizul is severely wounded.
* * * LOW HITPOINT WARNING * * *
You feel very sick.
Aizul coils himself and waves his upper body at you.
The bolt of poison hits you!
You are more poisoned.
You die...

≈≈....≈≈≈≈≈≈≈≈≈≈≈≈≈≈≈≈≈≈≈≈≈≈≈≈≈≈≈
≈......≈≈.≈≈≈≈≈≈≈≈≈≈≈≈≈≈≈≈≈≈≈≈≈≈≈
...##..≈≈..≈≈≈≈≈≈≈≈≈≈≈...≈≈≈≈≈≈≈≈
...###.≈≈..≈≈≈≈≈≈≈≈≈≈≈...≈≈≈≈≈≈≈≈
.##.....≈....≈≈≈≈......≈≈≈≈≈≈≈≈≈≈
.###.≈≈.......≈≈..........≈≈≈≈≈≈≈
....≈≈≈..###>.......≈≈......≈≈≈≈≈
........## ##..........##.≈..≈≈≈≈
........# #..S@..≈....#...≈≈≈≈≈
....##..#....###....≈.....≈..≈≈≈≈
....###.....# #..$..$.##..≈≈≈≈≈≈
...## ... #.......##..≈≈≈≈≈≈ ....
m. .......###..≈≈≈≈≈≈ .....
........###..≈≈≈≈≈≈ ....
...≈≈≈≈.......≈≈≈≈≈≈ ##..
....≈≈≈≈.....≈≈≈≈≈≈≈≈ .
...≈≈≈≈≈≈≈...≈≈≈≈≈≈≈≈≈


You could see Aizul.

Vanquished Creatures
  Arachne (Spider:2)
  Asterion (Spider:4)
  6 ghost moths
  8 emperor scorpions
  The ghost of Monkfish the Unseen, a journeyman KoBe of Trog (Lair:8)
  3 spark wasps
  A merfolk javelineer (Shoals:1)
  Harold (D:11)
  An ice dragon (Lair:8)
  9 hydras
  2 entropy weavers
  A catoblepas (Lair:3)
  2 ogre magi
  2 centaur warriors
  An alligator snapping turtle (Shoals:1)
  A merfolk avatar (Shoals:1)
  An orc high priest (Orc:2)
  2 skeletal warriors (D:15)
  The ghost of Lukeanator the Cleaver, a novice FoFi of the Shining One (D:7)
  3 sea snakes (Shoals:1)
  2 hill giants
  An unseen horror (D:13)
  A necromancer (D:15)
  A wolf spider zombie (D:14)
  2 orc knights
  A phantasmal warrior (D:15)
  9 ugly things
  28 orb spiders
  2 lindwurms (Lair:8)
  6 griffons
  10 hornets
  6 orc sorcerers (Orc:2)
  3 cyclopes
  4 manticores
  A sphinx skeleton (D:15)
  40 wolf spiders
  4 moths of wrath
  10 elephants
  A centaur zombie (D:15)
  An ice statue (D:10)
  2 sirens
  8 black mambas
  2 molten gargoyles (Volcano)
  A water nymph (Shoals:1)
  9 torpor snails
  A gargoyle (D:13)
  A yaktaur (shapeshifter) (D:14)
  A kobold demonologist (D:14)
  19 spiny frogs
  A spriggan zombie (D:15)
  13 demonic crawlers
  6 komodo dragons
  A yaktaur (D:15)
  8 polar bears (Lair:8)
  A wind drake (Shoals:1)
  5 trolls
  A queen bee (Spider:3)
  4 giant leeches (Lair:8)
  55 jumping spiders
  2 merfolk (Shoals:1)
  12 two-headed ogres
  A blink frog (shapeshifter) (D:13)
  18 blink frogs
  2 snapping turtles (Shoals:1)
  Prince Ribbit (D:7)
  A boulder beetle (Spider:3)
  9 slime creatures
  4 raiju (Lair:8)
  2 shadows
  A centaur simulacrum (D:15)
  81 redbacks
  An ice dragon skeleton (D:15)
  29 tarantellas
  Sigmund (D:3)
  A human (D:7)
  2 vampires
  27 yaks
  3 wyverns
  The ghost of Chiseanne the Skirmisher, an amateur CeAK of Lugonu (D:4)
  An ettin skeleton (D:15)
  18 fire bats (Volcano)
  A hog (D:7)
  Grum (D:11)
  6 basilisks
  14 hippogriffs
  14 wargs
  12 vampire mosquitoes
  19 orc warriors
  28 water moccasins
  4 hell hounds (Lair:8)
  10 porcupines
  Duvessa (D:4)
  2 ice beasts
  2 sky beasts
  10 wasps
  A swamp drake (D:13)
  14 black bears
  2 phantoms
  2 necrophages
  21 ogres
  12 centaurs
  32 wolves
  4 big kobolds
  22 crocodiles
  19 giant frogs
  A wyvern zombie (D:12)
  5 scorpions
  Dowan (D:4)
  19 killer bees
  14 wights
  3 howler monkeys
  An electric eel (Spider:4)
  2 crimson imps
  4 lava snakes (Volcano)
  4 quasits
  3 giant frog zombies
  16 hounds
  4 giant frog skeletons
  2 gnoll shamans
  16 orc priests
  13 jellies
  33 orc wizards
  7 centaur skeletons
  14 iguanas
  Ijyb (D:3)
  Terence (D:3)
  Natasha (D:4)
  16 worker ants
  17 sheep
  A killer bee zombie (D:6)
  A hound zombie (D:7)
  A hound skeleton (D:4)
  2 worker ant zombies
  Robin (D:3)
  10 gnolls
  20 adders
  45 river rats
  2 shadow imps
  2 oozes (D:4)
  An adder zombie (D:9)
  2 adder skeletons
  19 worms (Lair:8)
  A dart slug (D:1)
  7 giant geckos
  71 orcs
  6 bats
  11 giant cockroaches
  14 goblins
  10 hobgoblins
  8 jackals
  4 quokkas
  2 ball pythons (D:1)
  A giant gecko skeleton (D:4)
  4 giant newts
  25 kobolds
  5 rats
  4 fungi
  4 plants (Lair:8)
1273 creatures vanquished.

Vanquished Creatures (others)
  A wolf spider (Spider:4)
  A redback (Spider:3)
  A crocodile (Lair:8)
  A howler monkey (D:13)
  An orc wizard (Orc:2)
  An orc (Orc:2)
  A bush (Lair:4)
  17 fungi
  31 plants
55 creatures vanquished.

Grand Total: 1328 creatures vanquished

Notes
Turn   | Place    | Note
--------------------------------------------------------------
     0 | D:1      | AAAAA the Tengu Gladiator began the quest for the Orb.
     0 | D:1      | Reached XP level 1. HP: 12/12 MP: 2/2
   226 | D:1      | Reached XP level 2. HP: 12/18 MP: 3/3
  1020 | D:1      | Reached XP level 3. HP: 22/23 MP: 4/4
  2063 | D:2      | Found a faded altar to an unknown god.
  2119 | D:2      | Became a worshipper of Warmaster Okawaru
  2119 | D:2      | Reached * piety under Okawaru
  2235 | D:3      | Noticed Robin
  2307 | D:2      | Reached XP level 4. HP: 5/30 MP: 5/5
  2727 | D:3      | Killed Robin
  2771 | D:3      | Noticed Sigmund
  2792 | D:3      | Killed Sigmund
  2792 | D:3      | Reached ** piety under Okawaru
  2792 | D:3      | Gained mutation: You can fly. [Tengu growth]
  2792 | D:3      | Reached XP level 5. HP: 9/36 MP: 3/6
  2792 | D:3      | Reached XP level 6. HP: 11/41 MP: 3/7
  3057 | D:3      | Noticed Ijyb
  3072 | D:3      | Killed Ijyb
  3330 | D:3      | Noticed Terence
  3361 | D:3      | Killed Terence
  3679 | D:3      | Found an oddly glowing altar of Pakellas.
  4088 | D:4      | Noticed Chiseanne's ghost (amateur CeAK)
  4303 | D:4      | Reached XP level 7. HP: 16/48 MP: 6/8
  4335 | D:4      | Got a dazzling ring mail
  4347 | D:4      | Identified the +3 ring mail "Ucapp" {Slay+5} (You found it on level 4 of the Dungeon)
  4774 | D:4      | Reached skill level 4 in Long Blades
  4821 | D:4      | Noticed Dowan
  4822 | D:4      | Noticed Duvessa
  4831 | D:4      | Killed Dowan
  4831 | D:4      | Reached *** piety under Okawaru
  4832 | D:4      | Killed Duvessa
  4832 | D:4      | Reached skill level 5 in Long Blades
  4832 | D:4      | Reached XP level 8. HP: 54/54 MP: 5/9
  4891 | D:4      | Killed Chiseanne's ghost
  4891 | D:4      | Reached skill level 6 in Long Blades
  4903 | D:4      | Reached skill level 7 in Long Blades
  5369 | D:4      | Noticed Natasha
  5374 | D:4      | Killed Natasha
  5530 | D:5      | Entered Level 5 of the Dungeon
  5582 | D:5      | Reached skill level 8 in Long Blades
  5585 | D:5      | Got a slimy shield
  5591 | D:5      | Identified the +3 shield of Awe {+Blink rC- Int+4} (You found it on level 5 of the Dungeon)
  5636 | D:5      | Reached **** piety under Okawaru
  5766 | D:5      | Found a runed door.
  5779 | D:5      | Found a runed door.
  5838 | D:5      | Reached skill level 9 in Long Blades
  5843 | D:5      | Reached XP level 9. HP: 42/59 MP: 5/10
  6360 | D:5      | Reached skill level 10 in Long Blades
  6949 | D:6      | Reached skill level 1 in Invocations
  7118 | D:6      | Found a staircase to the Ecumenical Temple.
  7127 | Temple   | Entered the Ecumenical Temple
  7564 | D:7      | Noticed Lukeanator's ghost (novice FoFi)
  7585 | D:7      | Killed Lukeanator's ghost
  7585 | D:7      | Reached skill level 5 in Invocations
  8042 | D:7      | Reached XP level 10. HP: 62/64 MP: 15/15
  8078 | D:7      | Got a slimy pewter ring
  8093 | D:7      | Identified the ring of Demons {SustAt MR+} (You found it on level 7 of the Dungeon)
  8200 | D:7      | Noticed Prince Ribbit
  8220 | D:7      | Killed Prince Ribbit
  8255 | D:7      | Reached ***** piety under Okawaru
  8340 | D:8      | Found an iron altar of Okawaru.
  8686 | D:8      | Reached skill level 5 in Dodging
  8970 | D:9      | Found a staircase to the Lair.
  8987 | D:8      | Received a gift from Okawaru
  9159 | D:9      | Noticed a cyclops
  9557 | D:9      | Got an iridescent broad axe {flame}
  9566 | D:9      | Identified the +10 broad axe of True Grit {flame, rC+ MP-9 Int+4 Dex+8} (You took it off an orc priest on level 9 of the Dungeon)
 10186 | D:9      | Found a shattered altar of Ashenzari.
 10186 | D:9      | Found a burning altar of Makhleb.
 10799 | Lair:1   | Entered Level 1 of the Lair of Beasts
 10862 | Lair:1   | Noticed a spiny frog
 10871 | Lair:1   | Killed a spiny frog
 10871 | Lair:1   | Reached XP level 11. HP: 68/68 MP: 15/18
 10873 | Lair:1   | Reached skill level 11 in Long Blades
 11435 | Lair:1   | Reached skill level 12 in Long Blades
 11453 | Lair:1   | Noticed a hill giant
 11694 | Lair:1   | Killed a hill giant
 12126 | Lair:2   | Reached skill level 13 in Long Blades
 12185 | Lair:2   | Received a gift from Okawaru
 12665 | Lair:2   | Reached skill level 14 in Long Blades
 12939 | Lair:3   | Reached XP level 12. HP: 48/76 MP: 17/19
 13945 | Lair:3   | Reached skill level 10 in Fighting
 14243 | Lair:3   | Found a hole to the Spider Nest.
 14336 | Lair:4   | Noticed an eight-headed hydra
 14558 | Lair:4   | Killed an eight-headed hydra
 14594 | Lair:4   | Got a steaming scale mail
 14656 | Lair:4   | Identified the cursed +0 scale mail "Wehiovie" {rCorr Int-5 Dex+7} (You found it on level 4 of the Lair of Beasts)
 14914 | Lair:4   | Received a gift from Okawaru
 14937 | Lair:4   | Found a staircase to the Shoals.
 15036 | Lair:5   | Got a faintly glowing dagger
 15037 | Lair:5   | Identified the +6 dagger of Docyluck {venom, rC+++ MR- Str-3 Int+6} (You found it on level 5 of the Lair of Beasts)
 15153 | Lair:5   | Found a runed door.
 15155 | Lair:5   | Noticed a seven-headed hydra
 15167 | Lair:5   | Killed a seven-headed hydra
 15167 | Lair:5   | Reached skill level 10 in Dodging
 15646 | Lair:5   | Noticed a four-headed hydra
 15658 | Lair:5   | Reached XP level 13. HP: 84/84 MP: 10/20
 15681 | Lair:5   | Identified a scroll of acquirement
 16797 | Lair:6   | Found a staircase to the Slime Pits.
 17361 | Lair:7   | Received a gift from Okawaru
 17411 | Lair:7   | Found a burning altar of Makhleb.
 17964 | Lair:8   | Entered Level 8 of the Lair of Beasts
 17998 | Lair:8   | Reached skill level 15 in Dodging
 18095 | Lair:8   | Noticed Monkfish's ghost (journeyman KoBe)
 18161 | Lair:8   | Received a gift from Okawaru
 18162 | Lair:8   | Gained mutation: You can fly continuously. [Tengu growth]
 18162 | Lair:8   | Reached XP level 14. HP: 44/90 MP: 21/21
 18469 | Lair:8   | Killed Monkfish's ghost
 18510 | Lair:8   | Received a gift from Okawaru
 19068 | Lair:8   | Reached ****** piety under Okawaru
 19328 | Lair:8   | Reached skill level 10 in Invocations
 19409 | Lair:8   | Reached skill level 1 in Armour
 19601 | Lair:8   | Found a runed door.
 20287 | Lair:8   | Reached skill level 5 in Armour
 20776 | Lair:8   | Received a gift from Okawaru
 21546 | D:10     | Entered Level 10 of the Dungeon
 21858 | D:10     | Found a staircase to the Orcish Mines.
 22291 | D:11     | Noticed Harold
 22294 | D:11     | Noticed Psyche
 22449 | D:11     | Found Qywauc's General Store.
 22469 | D:11     | Reached skill level 15 in Long Blades
 22515 | D:11     | Bought a scroll of identify for 30 gold pieces
 22697 | D:11     | Found a portal to a secret trove of treasure.
 22766 | D:11     | Reached XP level 15. HP: 94/94 MP: 23/23
 22784 | D:11     | Noticed Grum
 22800 | D:11     | Killed Grum
 23050 | D:11     | Killed Harold
 23326 | D:12     | Got a faintly glowing ring mail
 23337 | D:12     | Identified the +3 ring mail of the Armoured One {Str+6 Int-4 Dex+3} (You found it on level 12 of the Dungeon)
 23524 | D:12     | Received a gift from Okawaru
 24247 | D:13     | Reached skill level 16 in Long Blades
 24978 | D:14     | Found a gate to the Vaults.
 25407 | D:15     | Entered Level 15 of the Dungeon
 25527 | D:15     | Reached skill level 17 in Long Blades
 25898 | D:15     | Found a staircase to the Depths.
 26452 | D:15     | Found a sacrificial altar of Ru.
 26645 | Orc:1    | Entered Level 1 of the Orcish Mines
 26739 | Orc:2    | Entered Level 2 of the Orcish Mines
 26819 | Orc:2    | Found a dark tunnel.
 26967 | Volcano  | Entered a volcano
 27151 | Volcano  | Found a burning altar of Makhleb.
 27167 | Volcano  | Reached skill level 18 in Long Blades
 27176 | Volcano  | Reached skill level 1 in Stealth
 27228 | Volcano  | Got a smoking ring mail
 27241 | Volcano  | Identified the +4 ring mail "Jeir Lya" {MR+ rCorr Slay+3} (You found it in a volcano)
 27447 | Orc:2    | Found a staircase to the Elven Halls.
 27450 | Orc:2    | Received a gift from Okawaru
 27477 | Orc:2    | Got a shimmering double sword {god gift}
 27478 | Orc:2    | Identified the +11 double sword "Xeadwil" {elec, *Confuse rElec Int+8 Stlth-} (Okawaru gifted it to you on level 2 of the Orcish Mines)
 27635 | Orc:2    | Reached XP level 16. HP: 94/100 MP: 24/24
 27677 | Orc:2    | Reached skill level 5 in Stealth
 28038 | Orc:2    | Found Fezosoiturgh's Antique Armour Boutique.
 28043 | Orc:2    | Found Rusko's Food Boutique.
 28055 | Orc:2    | Found Ciusaips's Armour Shop.
 28055 | Orc:2    | Found Jonier's Book Shop.
 28085 | Orc:2    | Bought a runed hat for 128 gold pieces
 28735 | Orc:2    | Bought a runed cloak for 144 gold pieces
 28919 | Spider:1 | Entered Level 1 of the Spider Nest
 29658 | Spider:1 | Received a gift from Okawaru
 29993 | Spider:1 | Reached skill level 10 in Stealth
 30556 | Spider:2 | Noticed Arachne
 30574 | Spider:2 | Killed Arachne
 31478 | Spider:2 | Received a gift from Okawaru
 33434 | Spider:3 | Reached XP level 17. HP: 104/104 MP: 25/25
 33849 | Spider:3 | Received a gift from Okawaru
 34367 | Spider:2 | Received a gift from Okawaru
 34373 | Spider:2 | Got a heavily runed chain mail {god gift}
 34396 | Spider:2 | Identified the +5 chain mail "Zakaro" {MR++} (Okawaru gifted it to you on level 2 of the Spider Nest)
 36674 | Spider:3 | Got a spiked scale mail
 36713 | Spider:3 | Identified the +3 scale mail of Lequitot {Str+4} (You found it on level 3 of the Spider Nest)
 36784 | Spider:3 | Learned a level 7 spell: Haunt
 36785 | Spider:4 | Entered Level 4 of the Spider Nest
 37230 | Spider:4 | Noticed Asterion
 37584 | Spider:4 | Got a dazzling chain mail
 37629 | Spider:3 | Identified the +4 chain mail of Duplet {*Corrode rElec Str+3} (You found it on level 4 of the Spider Nest)
 37706 | Spider:4 | Killed Asterion
 37712 | Spider:4 | Reached skill level 19 in Long Blades
 39060 | Spider:4 | Received a gift from Okawaru
 39404 | Spider:4 | Reached skill level 1 in Necromancy
 39410 | Spider:4 | Reached skill level 1 in Spellcasting
 39410 | Spider:4 | Reached skill level 1 in Summonings
 40829 | Spider:3 | Reached XP level 18. HP: 81/110 MP: 26/26
 42767 | Spider:4 | Got a gossamer rune of Zot
 43652 | Spider:3 | Reached skill level 5 in Summonings
 43992 | Spider:4 | Reached skill level 5 in Necromancy
 44305 | Shoals:1 | Entered Level 1 of the Shoals
 44583 | Shoals:1 | Found Ivywejuh's Food Shoppe.
 44642 | Shoals:1 | Reached skill level 5 in Spellcasting
 45018 | Shoals:1 | Noticed Aizul
 45032 | Shoals:1 | Killed from afar by Aizul

Skill      XL: |  1  2  3  4  5  6  7  8  9 10 11 12 13 14 15 16 17 18 |
---------------+-------------------------------------------------------+-----
Fighting       | 3 4 6 7 8 9 11 | 11.0
Long Blades    | 5 9 10 14 15 18 19 | 19.6
Invocations    | 6 8 10 | 10.0
Dodging        | 7 11 15 | 15.8
Armour         | 6 |  6.4
Stealth        | 4 12 14 | 14.0
Necromancy     | 2 5 |  5.8
Spellcasting   | 2 5 |  5.3
Summonings     | 3 6 |  6.3
Throwing       | |  2.0

Action                   |  1- 3 |  4- 6 |  7- 9 | 10-12 | 13-15 | 16-18 || total
-------------------------+-------+-------+-------+-------+-------+-------++-------
Melee: Long sword        |   116 |   115 |       |       |       |       ||   231
       Kick              |    31 |    38 |   103 |   311 |   862 |   550 ||  1895
       Peck              |    19 |    27 |    67 |   194 |   564 |   352 ||  1223
       Short sword       |       |    44 |   262 |   650 |  1378 |       ||  2334
       Scimitar          |       |       |       |    88 |       |       ||    88
       Punch             |       |       |       |     8 |    19 |       ||    27
       Dagger            |       |       |       |     1 |   148 |       ||   149
       Triple sword      |       |       |       |       |     3 |       ||     3
       Great sword       |       |       |       |       |   358 |  1312 ||  1670
 Fire: Blowgun           |       |       |       |       |    29 |    79 ||   108
Throw: Throwing net      |     1 |       |       |       |       |       ||     1
Invok: Heroism           |       |     1 |     4 |    12 |    27 |    33 ||    77
       Finesse           |       |       |       |     2 |     4 |     6 ||    12
 Abil: Evoke Flight      |       |     1 |       |       |       |       ||     1
       Fly               |       |     5 |     3 |    19 |    11 |       ||    38
       Evoke Invisibilit |       |       |       |       |       |     3 ||     3
Evoke: Wand              |       |       |       |     1 |     2 |    10 ||    13
  Use: Scroll            |     1 |     6 |     9 |     8 |    18 |    13 ||    55
       Potion            |       |     3 |       |       |     2 |    11 ||    16
 Stab: Distracted        |       |       |     2 |       |       |    11 ||    13
       Sleeping          |       |       |     5 |       |       |    13 ||    18
       Invisible         |       |       |       |       |       |     5 ||     5
       Held in net/web   |       |       |       |       |       |     1 ||     1
       Paralysed         |       |       |       |       |       |     3 ||     3
  Eat: Chunk             |     1 |    20 |    13 |    28 |    31 |    18 ||   111
       Meat ration       |     1 |       |       |       |       |       ||     1
       Fruit             |       |       |       |     1 |       |    20 ||    21
       Beef jerky        |       |       |       |       |     8 |     1 ||     9
       Pizza             |       |       |       |       |       |    14 ||    14
Armor: Ring mail         |    45 |    59 |    62 |   105 |   199 |   340 ||   810
       Leather armour    |     1 |       |       |       |       |       ||     1
Dodge: Dodged            |    77 |   105 |   130 |   642 |  1798 |  2005 ||  4757
